cohdb
Replays
Latest Replays
All Replays
Popular Replays
Top Player Replays
Match Explorer
How It Works
Community
CoH3 Stats
Reddit
Sign in to upload your games and track your stats! →
Sign in with Steam
Best scouts I ever had, ABSOLUTE CHADS, saved my game
Match 36272572
Overview
Messages
Build Orders
End
Scout Squad
Construct Barracks
Selects Special Operations Battlegroup
Selects M29 Weasel Recon Vehicle
M29 Weasel Recon Vehicle
Construct Barracks
Riflemen Squad
Riflemen Squad
Infantry Support Center
Grenade Package
Construct Motor Pool
Selects Raiding Flares
M8 Greyhound Armored Car
Construct Medical Station
Engineer Squad
Selects SSF Commando Squad
SSF Commando Squad
Selects Assault Operation
Construct Tank Depot
Assault Operation
M4A1 Sherman Medium Tank
M1 Anti-tank Gun Team
M4A1 Sherman Medium Tank
M4A1 Sherman Medium Tank
Engineer Squad
Selects Mark Vehicle
Selects UNKNOWN (2162291)
M18 Hellcat Tank Destroyer
M18 Hellcat Tank Destroyer
Engineer Squad
M4A1 Sherman Medium Tank
Assault Operation
M4A1 Sherman Medium Tank
Oziligath
Xandr27
0
0
Comments
sign in to comment!
No comments posted yet!